 Dungeon Crawl Stone Soup version 0.31-a0-152-g6aa68a64a1 (webtiles) character file.

Game seed: 8280587923508026055

90 qw the Shooter (level 4, -2/40 HPs)
             Began as a Naga Hunter on June 9, 2023.
             Slain by Sigmund
             ... wielding a +0 scythe
              (8 damage)
             ... on level 3 of the Dungeon.
             The game lasted 00:00:36 (1537 turns).

qw the Shooter (Naga Hunter)                        Turns: 1537, Time: 00:00:37

Health: -2/40      AC:  3    Str: 11 (13) XL:     4   Next: 56%
Magic:  4/4        EV:  9    Int:  8 (9)  God:
Gold:   120        SH:  0    Dex: 16 (17) Spells: 3/3 levels left

rFire   . . .        a - +0 arbalest (heavy)
rCold   . . .        (shield currently unavailable)
rNeg    . . .        c - +0 leather armour
rPois   +            (no helmet)
rElec   .            f - +0 cloak {Stlth+}
rCorr   .            (no gloves)
SInv    +            (no barding)
Will    .....        d - amulet of regeneration
Stlth   +++          (no ring)
HPRegen 1.06/turn    (no ring)
MPRegen 0.09/turn

%: no passive effects
@: very slow
A: AC +1, large, see invisible, deformed body, poison resistance, slowness 2,
spit poison 1, naga tail 1
a: Spit Poison


You were on level 3 of the Dungeon.
You visited 1 branch of the dungeon, and saw 3 of its levels.

You collected 120 gold pieces.


Innate Abilities, Weirdness & Mutations

Your serpentine skin is tough. (AC +1)
You have supernaturally acute eyesight. (SInv)
Armour fits poorly on your strangely shaped body.
Your system is resistant to poisons. (rPois)
You cover ground very slowly.
You can spit poison.
You have a snake-like lower body.


   Skills:
 + Level 2.8 Fighting
 - Level 5.0 Ranged Weapons
 - Level 1.5 Dodging
 - Level 1.5 Stealth


You had 3 spell levels left.
You didn't know any spells.
Your spell library was empty.

Inventory:

Hand Weapons
 a - a +0 heavy arbalest (weapon)
Armour
 c - a +0 leather armour (worn)
 f - a +0 cloak of stealth (worn)
Jewellery
 d - an amulet of regeneration (around neck)
 n - a ring of fire
Potions
 b - a potion of magic {unknown}
 j - a potion of might
 m - a potion of haste {unknown}

Dungeon Overview and Level Annotations

Branches:
Dungeon (3/15)

Altars:

Annotations:
D:3 Sigmund


Message History

The bolt hits the kobold but does no damage.
Sigmund casts a spell at you. The puff of flame hits you!
You shoot a bolt. The bolt hits the kobold.
You kill the kobold!
You have got your breath back.
Sigmund hits you from afar with a +0 scythe.
1532 ||| INVOKING Spit Poison.
Aiming: Spit Poison (1% risk of failure)
Press: ? - help, Shift-Dir - straight line, f - Sigmund The splash of poison hits Sigmund!
Sigmund is poisoned.
Sigmund is moderately wounded.
Sigmund hits you from afar with a +0 scythe!
You shoot a bolt. The bolt barely misses Sigmund.
Sigmund casts a spell at you. The magic dart hits you.
Sigmund gestures at you while chanting. The puff of flame hits you!
You shoot a bolt. The bolt closely misses Sigmund.
You have got your breath back.
Sigmund hits you from afar with a +0 scythe.
Sigmund casts a spell at you. You resist with some effort.
1535 ||| INVOKING Spit Poison.
Aiming: Spit Poison (1% risk of failure)
Press: ? - help, Shift-Dir - straight line, f/p - Sigmund The splash of poison hits Sigmund.
Sigmund is severely wounded.
Sigmund drinks a potion.
Sigmund seems to grow stronger.
You shoot a bolt. The bolt hits Sigmund.
Sigmund is severely wounded.
Sigmund looks more healthy.
Sigmund completely misses you.
Sigmund hits you from afar with a +0 scythe!
You shoot a bolt. The bolt barely misses Sigmund.
You have got your breath back.
Sigmund screams, "Only death can liberate you!"
Sigmund gestures at you while chanting. The puff of flame hits you.
Sigmund hits you from afar with a +0 scythe!
You die...

/.. ##
...# ..
...
.####..
.....
.@) #.#
#@# #.#
#.#
#.#..#
#.#..#
#.##%#
#.##.#
#.##.#
#.##.#


You could see Sigmund (strong).

Vanquished Creatures
  A gnoll (D:1)
  2 adders (D:3)
  3 dart slugs
  2 bats
  3 endoplasms
  4 giant cockroaches
  7 goblins
  6 hobgoblins
  A jackal (D:1)
  10 kobolds
  2 quokkas
  2 ball pythons
  2 frilled lizards (D:2)
  7 rats
52 creatures vanquished.

Notes
Turn   | Place    | Note
-------+----------+-------------------------------------------
     0 | D:1      | qw the Naga Hunter began the quest for the Orb.
     0 | D:1      | Reached XP level 1. HP: 19/19 MP: 1/1
     0 | D:1      | 0 ||| qw: Version: 0.2-a-122-gbc61b45
     0 | D:1      | 0 ||| qw: Game counter: 3290
     0 | D:1      | 0 ||| qw: Always use a shield: true
     0 | D:1      | 0 ||| qw: God list: Okawaru
     0 | D:1      | 0 ||| qw: Allow faded altars: false
     0 | D:1      | 0 ||| qw: Do Orc after D:15 true
     0 | D:1      | 0 ||| qw: Do second Lair branch before Depths: true
     0 | D:1      | 0 ||| qw: Lair rune preference: random
     0 | D:1      | 0 ||| qw: Plans: Normal
     0 | D:1      | 0 ||| PLANNING D:1-11
    28 | D:1      | 28 ||| INVOKING Spit Poison.
    68 | D:1      | 68 ||| INVOKING Spit Poison.
    72 | D:1      | 72 ||| INVOKING Spit Poison.
    81 | D:1      | 81 ||| INVOKING Spit Poison.
    86 | D:1      | Reached skill level 4 in Ranged Weapons
    86 | D:1      | Reached XP level 2. HP: 26/26 MP: 2/2
    99 | D:1      | 99 ||| INVOKING Spit Poison.
   112 | D:1      | 112 ||| INVOKING Spit Poison.
   118 | D:1      | 118 ||| INVOKING Spit Poison.
   121 | D:1      | 121 ||| INVOKING Spit Poison.
   125 | D:1      | 125 ||| INVOKING Spit Poison.
   128 | D:1      | 128 ||| INVOKING Spit Poison.
   207 | D:1      | 207 ||| INVOKING Spit Poison.
   293 | D:1      | 293 ||| INVOKING Spit Poison.
   469 | D:1      | 469 ||| INVOKING Spit Poison.
   474 | D:1      | 474 ||| INVOKING Spit Poison.
   475 | D:1      | Reached XP level 3. HP: 12/32 MP: 3/3
   477 | D:1      | 477 ||| INVOKING Spit Poison.
   583 | D:1      | 583 ||| INVOKING Spit Poison.
   629 | D:1      | 629 ||| UPGRADING to +0 cloak of stealth.
   634 | D:1      | 634 ||| UPGRADING to amulet of regeneration.
   639 | D:1      | 639 ||| READING scroll labelled LIXYOGG WION.
   640 | D:1      | 640 ||| READING scroll labelled LES CIGUH RAEX.
   645 | D:1      | 645 ||| READING scroll labelled SIGALE VALE.
   646 | D:1      | 646 ||| READING scroll labelled AMATHA DAQU.
   647 | D:1      | 647 ||| READING scroll labelled MOFOOPRITEM.
   648 | D:1      | 648 ||| DROPPING scroll of butterflies.
   730 | D:2      | 730 ||| INVOKING Spit Poison.
   760 | D:2      | 760 ||| INVOKING Spit Poison.
   804 | D:2      | 804 ||| INVOKING Spit Poison.
   811 | D:2      | 811 ||| INVOKING Spit Poison.
   831 | D:2      | 831 ||| INVOKING Spit Poison.
   837 | D:2      | 837 ||| INVOKING Spit Poison.
   864 | D:2      | 864 ||| INVOKING Spit Poison.
   969 | D:2      | Reached skill level 5 in Ranged Weapons
   979 | D:2      | 979 ||| INVOKING Spit Poison.
   981 | D:2      | Reached XP level 4. HP: 39/39 MP: 4/4
   985 | D:2      | 985 ||| INVOKING Spit Poison.
   992 | D:2      | 992 ||| INVOKING Spit Poison.
  1361 | D:2      | 1361 ||| DROPPING amulet of magic regeneration.
  1362 | D:2      | 1362 ||| READING scroll labelled AKHLUDGH TEOWAJ.
  1363 | D:2      | 1363 ||| DRINKING 2 fizzy purple potions.
  1364 | D:2      | 1364 ||| DROPPING potion of degeneration.
  1400 | D:3      | 1400 ||| INVOKING Spit Poison.
  1406 | D:3      | 1406 ||| SWAPPING to +0 heavy arbalest.
  1407 | D:3      | 1407 ||| DROPPING +1 shortbow.
  1413 | D:3      | 1413 ||| INVOKING Spit Poison.
  1433 | D:3      | 1433 ||| INVOKING Spit Poison.
  1528 | D:3      | Noticed Sigmund
  1529 | D:3      | 1529 ||| INVOKING Spit Poison.
  1532 | D:3      | 1532 ||| INVOKING Spit Poison.
  1535 | D:3      | 1535 ||| INVOKING Spit Poison.
  1536 | D:3      | HP: 8/40 [Sigmund/+0 scythe (7)]
  1537 | D:3      | Slain by Sigmund

Levels and vault maps discovered:
D:1:      zelgadis_glass_arrival_large, layout_basic, minmay_split_cup_small
D:2:      minmay_evil_eye, layout_basic
D:3:      layout_basic, nicolae_ru_the_path_less_chosen, uniq_sigmund,
          uniq_jessica

Skill      XL: |  1  2  3 |
---------------+----------+-----
Ranged Weapons | 4 5 |  5.0
Fighting       | |  2.8
Dodging        | |  1.5
Stealth        | |  1.5

Action                     |  1- 3 |  4- 6 || total
---------------------------+-------+-------++-------
   Fire: Shortbow          |    63 |    13 ||    76
         Arbalest          |       |    10 ||    10
Ability: Spit Poison       |    24 |     8 ||    32
    Use: Scroll            |     5 |     1 ||     6
         Potion            |       |     1 ||     1
 Armour: Leather armour    |     6 |     1 ||     7
  Dodge: Dodged            |    11 |     1 ||    12

Table legend:
 A = Non-vault XP
 B = Vault XP
 C = Vault XP percentage of total XP
 D = Non-vault monster count
 E = Vault monster count
 F = Vault count percentage of total count
                 A         B        C        D         E       F
            +---------+---------+-------+---------+---------+-------
      Total |     117 |      12 |   9.3 |      46 |       6 |  11.5
            +---------+---------+-------+---------+---------+-------
        D:1 |      47 |       6 |  11.3 |      19 |       3 |  13.6
        D:2 |      34 |       6 |  15.0 |      19 |       3 |  13.6
        D:3 |      36 |       0 |   0.0 |       8 |       0 |   0.0
            +---------+---------+-------+---------+---------+-------
